 Dungeon Crawl Stone Soup version 0.29-a0-717-g6dac4ea423 (webtiles) character file.

Game seed: 8937213439372804120

213 bande the Trooper (level 5, -5/33 HPs)
             Began as a Gargoyle Fighter on June 27, 2022.
             Slain by an ogre
             ... wielding a +0 giant club
              (15 damage)
             ... on level 4 of the Dungeon.
             The game lasted 00:06:23 (4248 turns).

bande the Trooper (Gargoyle Fighter)                Turns: 4248, Time: 00:06:24

Health: -5/33      AC: 17    Str: 20    XL:     5   Next: 90%
Magic:  5/5        EV:  5    Int:  8    God:
Gold:   197        SH: 10    Dex: 11    Spells: 4/4 levels left

rFire   . . .      SeeInvis .   a - +0 war axe
rCold   . . .      Faith    .   c - +1 buckler
rNeg    + . .      Spirit   .   s - +0 plate armour
rPois   ∞          Reflect  +   (no helmet)
rElec   +          Harm     .   (no cloak)
rCorr   .          Rampage  .   q - +0 pair of gloves
Will    .....                   (no boots)
Stlth   ..........              g - amulet of reflection
HPRegen 0.11/turn               (no ring)
MPRegen 0.09/turn               (no ring)

@: no status effects
A: sickness immunity, AC +4, negative energy resistance 1, electricity
resistance, torment resistance 1, petrification resistance
a: no special abilities


You were on level 4 of the Dungeon.
You visited 1 branch of the dungeon, and saw 4 of its levels.

You collected 197 gold pieces.

Inventory:

Hand Weapons
 a - a +0 war axe (weapon)
 t - a +0 flail
Missiles
 j - a throwing net (quivered)
Armour
 c - a +1 buckler (worn)
 q - a +0 pair of gloves (worn)
 s - a +0 plate armour (worn)
Jewellery
 b - an amulet of faith
 g - an amulet of reflection (around neck)
Wands
 m - a wand of iceblast (13)
Scrolls
 o - a scroll of fog
Potions
 d - 2 potions of might
 e - a potion of heal wounds
 f - 3 potions of lignification {unknown}
 h - a potion of berserk rage
 k - a potion of ambrosia
 l - a potion of brilliance {unknown}
 n - 2 potions of attraction {unknown}
 p - a potion of curing {unknown}
 r - a potion of degeneration {unknown}


   Skills:
 + Level 4.1 Fighting
 + Level 3.8 Axes
 + Level 4.1 Armour
 + Level 4.0 Shields
 * Level 0.7 Evocations


You had 4 spell levels left.
You didn't know any spells.
Your spell library contained the following spells:

 Spells                   Type           Power      Damage    Failure   Level
 Confusing Touch          Hex            0%         N/A       100%        3
 Yara's Violent Unravell  Hex/Tmut       0%         3d3       100%        5
 Enfeeble                 Hex            0%         N/A       100%        7


Dungeon Overview and Level Annotations

Branches:
Dungeon (4/15)
 Temple: D:4-7

Altars:
Fedhas


Innate Abilities, Weirdness & Mutations

You are immune to sickness and miasma.
Your stone body is resilient. (AC +4)
You are immune to poison.
You resist negative energy. (rN+)
You are resistant to electric shocks. (rElec)
You are resistant to unholy torment.
You are immune to petrification.


Message History

an adder corpse; an adder corpse The dart slug launches a dart at you.
The slug dart hits you but does no damage.
Things that are here:
an adder corpse; an adder corpse The dart slug bites you but does no damage.
You hit the dart slug but do no damage.
The dart slug bites you but does no damage.
You slash the dart slug!
You kill the dart slug!
Things that are here:
an adder corpse; an adder corpse You start waiting.
Done waiting.
You start waiting.
An ogre is nearby!
An ogre is nearby!
The ogre shouts!
Things that are here:
an adder corpse; an adder corpse You slash the ogre!
The ogre is heavily wounded.
The ogre hits you but does no damage.
You closely miss the ogre.
The ogre is heavily wounded.
The ogre hits you with a +0 giant club.
You hit the ogre.
The ogre is severely wounded.
The ogre barely misses you.
You hit the ogre.
The ogre is almost dead.
The ogre hits you but does no damage.
You hit the ogre but do no damage.
The ogre is almost dead.
The ogre hits you with a +0 giant club!!
Ouch! That really hurt!
You barely miss the ogre.
The ogre is almost dead.
The ogre hits you with a +0 giant club!
You die...

#w.####.###.##.
#..............
#.###.......###
#...?.#####.#
##..........#
#....#####.#
#####........#.#
#.......O......#
#.###..#@###....
#..#.# .##
#..#†# # #..#.#
###..#.####.
#....#......
#.##........ #.
#..###.#. #
#....#.# #


You could see an ogre.

Vanquished Creatures
  2 orc wizards
  3 gnolls
  3 adders
  3 worms
  3 dart slugs
  7 orcs
  3 bats
  9 endoplasms
  6 giant cockroaches
  11 hobgoblins
  3 jackals (D:3)
  5 quokkas
  3 ball pythons
  3 frilled lizards
  5 goblins
  6 kobolds
  7 rats
82 creatures vanquished.

Vanquished Creatures (others)
  7 plants (D:1)
7 creatures vanquished.

Grand Total: 89 creatures vanquished

Notes
Turn   | Place    | Note
-------+----------+-------------------------------------------
     0 | D:1      | bande the Gargoyle Fighter began the quest for the Orb.
     0 | D:1      | Reached XP level 1. HP: 14/14 MP: 1/1
   184 | D:1      | Reached XP level 2. HP: 14/19 MP: 2/2
   722 | D:1      | Found a faded altar of an unknown god.
   964 | D:1      | Reached XP level 3. HP: 20/24 MP: 3/3
  1570 | D:2      | Reached XP level 4. HP: 28/29 MP: 4/4
  2675 | D:2      | Reached XP level 5. HP: 33/33 MP: 5/5
  3161 | D:3      | Found a blossoming altar of Fedhas.
  4053 | D:4      | Noticed an ogre
  4248 | D:4      | Slain by an ogre

Illustrated notes

Levels and vault maps discovered:
D:1:      dpeg_arrival_tiny_k, layout_rooms,
          hellmonk_ecumenical_altar_prayer_group, serial_forest,
          infiniplex_forest_lined_3_way, infiniplex_forest_clump_double,
          infiniplex_forest_diagonal, infiniplex_forest_end_2,
          infiniplex_forest_lined_room_2, infiniplex_forest_clump_long,
          infiniplex_forest_end_1, hangedman_abyss_or_decor_lesser_grid,
          chequers_serial_rivers_small_a, minivault_23
D:2:      layout_loops_corners, serial_park_tiny_1, corexii_shack
D:3:      layout_rooms, amcnicky_altar_gilded, chequers_serial_rivers_small_3
D:4:      layout_loops_ring, nicolae_overflow_crystal_walls, serial_shops,
          nicolae_shop_stone, minmay_diced_spiral

Skill      XL: |  1  2  3  4  5 |
---------------+----------------+-----
Axes           | 2 3 |  3.8
Fighting       | 4 |  4.1
Armour         | 4 |  4.1
Shields        | 4 |  4.0
Evocations     | |  0.7

Action                   |  1- 3 |  4- 6 || total
-------------------------+-------+-------++-------
Melee: War axe           |    89 |   177 ||   266
  Use: Scroll            |     6 |     3 ||     9
       Potion            |       |     1 ||     1
Armor: Chain mail        |    53 |    91 ||   144
       Scale mail        |     1 |       ||     1
       Plate armour      |       |    26 ||    26
Dodge: Dodged            |    32 |    57 ||    89
Block: Buckler           |    15 |   116 ||   131
       Reflection        |       |     1 ||     1

Table legend: (Time is in decaauts)
 A = Elapsed time spent in this place.
 B = Non-inter-level travel time spent in this place.
 C = Inter-level travel time spent in this place.
 D = Time resting spent in this place.
 E = Time spent auto-exploring this place.
 F = Levels seen in this place.
 G = Mean time per level.
                   A        B        C        D        E       F      G
               +--------+--------+--------+--------+--------+-----+--------+
         Total |   4356 |   4342 |     14 |   1551 |   1981 |   4 | 1089.0 |
       Dungeon |   4356 |   4342 |     14 |   1551 |   1981 |   4 | 1089.0 |
               +--------+--------+--------+--------+--------+-----+--------+

Top non-repeatable levels by time:
     D:1: 2075 daAuts
     D:2: 1069 daAuts
     D:3: 931 daAuts
     D:4: 281 daAuts
